 Dungeon Crawl Stone Soup version 0.27-a0-808-g60bc5d92e6 (webtiles) character file.

Game seed: 12172954475986706957

306 polve the Skirmisher (level 6, -6/48 HPs)
             Began as a Demonspawn Abyssal Knight on Mar 28, 2021.
             Was a Believer of Lugonu.
             Mangled by an ogre
             ... wielding a +0 giant club
              (10 damage)
             ... on level 4 of the Dungeon.
             The game lasted 00:03:27 (3717 turns).

polve the Skirmisher (Demonspawn Abyssal Knight)    Turns: 3717, Time: 00:03:27

Health: -6/48      AC: 13    Str:  9 (12) XL:     6   Next: 16%
Magic:  7/7        EV:  8    Int: 16      God:    Lugonu [**....]
Gold:   179        SH:  0    Dex: 15 (18) Spells: 5/5 levels left

rFire    . . .     SeeInvis .   a - +1 falchion
rCold    . . .     Faith    .   (no shield)
rNeg     . . .     Spirit   .   l - +0 chain mail
rPois    .         Reflect  .   (no helmet)
rElec    .         Harm     .   p - +1 cloak of Starlight {*Dazzle EV+4 Stlth--}
rCorr    .         Rampage  .   (no gloves)
Will     .....                  (no boots)
Stlth    ..........             i - amulet of the acrobat
HPRegen  0.16/turn              q - +6 ring of dexterity
MPRegen  0.10/turn              (no ring)

@: no status effects
A: talons 2, iridescent scales 1, spiny 1
a: Renounce Religion, Depart the Abyss, Bend Space


You were on level 4 of the Dungeon.
You worshipped Lugonu.
Lugonu was pleased with you.
You visited 1 branch of the dungeon, and saw 5 of its levels.
You visited the Abyss 1 time.

You collected 179 gold pieces.

Inventory:

Hand Weapons
 a - a +1 falchion (weapon)
Armour
 h - a scarf of resistance
 l - a +0 chain mail (worn)
 p - the +1 cloak of Starlight (worn) {*Dazzle EV+4 Stlth--}
   (You found it on level 4 of the Dungeon)

   It affects your evasion (+4).
   It makes you much less stealthy.
Jewellery
 i - an amulet of the acrobat (around neck)
 q - a +6 ring of dexterity (left hand)
Scrolls
 b - 2 scrolls of identify {unknown}
 d - a scroll of summoning {unknown}
 g - a scroll of brand weapon {unknown}
 j - 3 scrolls of teleportation {unknown}
 k - 2 scrolls of amnesia {unknown}
 m - a scroll of immolation {unknown}
 o - a scroll of silence {unknown}
Potions
 c - a potion of degeneration
 e - 3 potions of heal wounds {unknown}
 f - a potion of flight {unknown}
 n - a potion of lignification {unknown}
 r - 2 potions of curing {unknown}


   Skills:
 + Level 3.9 Fighting
 + Level 3.6 Long Blades
 * Level 3.7 Armour
 + Level 2.3 Dodging
 - Level 2.4 Invocations


You had 5 spell levels left.
You didn't know any spells.
Your spell library contained the following spells:

 Spells                   Type           Power      Damage    Failure   Level
 Foxfire                  Conj/Fire      0%         2x1d4     100%        1
 Cause Fear               Hex            0%         N/A       100%        4
 Dragon Form              Tmut           0%         N/A       100%        7
 Dragon's Call            Summ           0%         N/A       100%        9


Dungeon Overview and Level Annotations

Branches:
Dungeon (5/15)
 Temple: D:4-7

Altars:
Kikubaaqudgha
Wu Jian

Shops:
D:5 (

Annotations:
D:4 Grinder
D:5 Sigmund


Innate Abilities, Weirdness & Mutations

You have razor-sharp toenails.
You are partially covered in iridescent scales. (AC +2)
You are partially covered in sharp spines.


Message History

Sigmund casts a spell at himself.
Sigmund flickers and vanishes!
Deactivating autopickup; reactivate with Ctrl-A.
An orc comes into view. It is wielding a +0 mace.
An orc comes into view. It is wielding a +0 club.
The orc shouts!
Grinder hits you but does no damage.
You feel less confused. Grinder hits you but does no damage.
You hear some strange, mumbled words.
Something tries to affect you, but you resist.
The ogre closely misses you.
The ogre's sight is seared by the starlight!
Grinder is struck by your spines. Grinder hits you but does no damage.
You climb upwards.
Reactivating autopickup.
There is a stone staircase leading down here.
You hit the ogre. You claw the ogre, but do no damage.
The ogre is lightly wounded.
The ogre barely misses you.
The ogre's sight is seared by the starlight!
Grinder gestures at you.
You suddenly lose the ability to move!
The ogre is struck by your spines. The ogre hits you with a +0 giant club!
Grinder is struck by your spines. Grinder hits you but does no damage.
The ogre hits you with a +0 giant club. Grinder gestures at you.
Pain shoots through your body! The ogre is struck by your spines.
The ogre hits you with a +0 giant club. Grinder gestures at you.
Pain shoots through your body!
* * * LOW HITPOINT WARNING * * *
The ogre hits you with a +0 giant club.
* * * LOW HITPOINT WARNING * * *
Grinder blinks!
You can move again.
You hit the ogre.
The ogre is heavily wounded.
The ogre hits you with a +0 giant club!
You die...

#######################
#...##@......(.........
#.#.#..O#.#############
#.#<#.....#
###.......###
#...........#
#.##.<...##.# #########
#.##.5......# #........
###.##.....##.###
#........
#.......>.......#
#........


You could see Grinder and an ogre (blind).

Vanquished Creatures
  A water moccasin skeleton (D:4)
  An orc priest (D:4)
  2 iguanas (D:4)
  2 orc wizards (D:4)
  A hound skeleton (D:4)
  A gnoll (D:4)
  3 adders
  A white imp (D:4)
  An ufetubus (D:4)
  2 adder skeletons (D:4)
  2 worms
  2 dart slugs (D:2)
  2 orcs
  4 bats
  6 endoplasms
  5 goblins
  6 hobgoblins
  2 quokkas
  3 ball pythons
  5 frilled lizards
  7 kobolds
  2 rats
61 creatures vanquished.

Vanquished Creatures (others)
  An adder skeleton (D:5)
  2 plants (D:3)
3 creatures vanquished.

Grand Total: 64 creatures vanquished

Notes
Turn   | Place    | Note
-------+----------+-------------------------------------------
     0 | Abyss:1  | polve the Demonspawn Abyssal Knight began the quest for the
                  | Orb.
     0 | Abyss:1  | Reached XP level 1. HP: 18/18 MP: 2/2
    38 | Abyss:1  | Found a corrupted altar of Lugonu.
   165 | Abyss:1  | Noticed a frost giant simulacrum
   192 | D:1      | Escaped the Abyss
   362 | D:1      | Reached * piety under Lugonu
   456 | D:1      | Gained mutation: You are partially covered in sharp spines.
                  | [demonic ancestry]
   456 | D:1      | Reached XP level 2. HP: 13/24 MP: 3/3
  1228 | D:2      | Reached skill level 1 in Dodging
  1365 | D:2      | Gained mutation: You have sharp toenails. [demonic
                  | ancestry]
  1365 | D:2      | Reached XP level 3. HP: 8/29 MP: 4/4
  1671 | D:2      | Found an ancient bone altar of Kikubaaqudgha.
  1773 | D:2      | Found an ornate altar of the Wu Jian Council.
  2727 | D:4      | Reached XP level 4. HP: 29/35 MP: 5/5
  2849 | D:4      | Gained mutation: You have razor-sharp toenails. [demonic
                  | ancestry]
  2849 | D:4      | Reached XP level 5. HP: 34/41 MP: 6/6
  2859 | D:4      | Reached ** piety under Lugonu
  3215 | D:4      | Found the +1 cloak of Starlight {*Dazzle EV+4 Stlth--}
  3339 | D:4      | Gained mutation: You are partially covered in iridescent
                  | scales. (AC +2) [demonic ancestry]
  3339 | D:4      | Reached XP level 6. HP: 48/48 MP: 7/7
  3702 | D:5      | Entered Level 5 of the Dungeon
  3702 | D:5      | Found Moghyel's Antique Weapon Shoppe.
  3702 | D:5      | Noticed Grinder
  3702 | D:5      | Noticed Sigmund
  3712 | D:4      | Paralysed by Grinder for 5 turns
  3717 | D:4      | Mangled by an ogre

Illustrated notes

Levels and vault maps discovered:
D:1:      saegor_arrival_miasma, layout_loops_ring
D:2:      layout_rooms, kiku_gazebo_garden_becter, nzn_wu_jian_council_hall,
          minmay_pentomino_x4
D:3:      layout_basic, serial_bayou_pond_b, serial_bayou_pond_a
D:4:      minmay_evil_eye, layout_basic
D:5:      layout_rooms, grunt_temple_overflow_holy_war, elyvilon_altar_4,
          minmay_temple_entry_sparse_star, serial_shops, shop,
          nicolae_zen_rock_garden, minmay_misc_feat_enclosed,
          serial_bayou_pond_d, nicolae_ru_the_path_less_chosen, uniq_ijyb,
          uniq_grinder, uniq_sigmund

Skill      XL: |  1  2  3  4  5 |
---------------+----------------+-----
Long Blades    | 2 3 |  3.6
Dodging        | 1 2 |  2.3
Armour         | 2 3 |  3.7
Fighting       | |  3.9
Invocations    | |  2.4

Action                   |  1- 3 |  4- 6 || total
-------------------------+-------+-------++-------
Melee: Falchion          |    70 |    75 ||   145
       Kick              |     5 |    14 ||    19
Invok: Depart the Abyss  |     1 |       ||     1
  Use: Potion            |       |     2 ||     2
 Stab: Invisible         |       |     1 ||     1
Armor: Leather armour    |     7 |       ||     7
       Scale mail        |    10 |       ||    10
       Chain mail        |     4 |    44 ||    48
Dodge: Dodged            |    35 |    25 ||    60
       Rpst.: Falchion   |     8 |     6 ||    14

Table legend: (Time is in decaauts)
 A = Elapsed time spent in this place.
 B = Non-inter-level travel time spent in this place.
 C = Inter-level travel time spent in this place.
 D = Time resting spent in this place.
 E = Time spent auto-exploring this place.
 F = Levels seen in this place.
 G = Mean time per level.
                   A        B        C        D        E       F      G
               +--------+--------+--------+--------+--------+-----+--------+
         Total |   3754 |   3633 |    121 |      0 |   3198 |   6 |  625.7 |
       Dungeon |   3557 |   3436 |    121 |      0 |   3027 |   5 |  711.4 |
         Abyss |    197 |    197 |      0 |      0 |    170 |   1 |  197.0 |
               +--------+--------+--------+--------+--------+-----+--------+

Top non-repeatable levels by time:
     D:1: 1024 daAuts
     D:4: 1009 daAuts
     D:2: 774 daAuts
     D:3: 739 daAuts
 Abyss:1: 197 daAuts
     D:5: 8 daAuts
